[Event "Croatian 1A League 2022"]
[Site "Porec"]
[Date "2022.09.24"]
[Round "1.20"]
[White "Bernadskiy, Vitaliy"]
[Black "Saric, Ibro"]
[Result "1-0"]
[ECO "D37"]
[WhiteElo "2558"]
[BlackElo "2542"]
[Annotator "TA"]
[PlyCount "81"]
[EventDate "2022.09.24"]
[EventType "team-tourn"]
[EventCountry "CRO"]
[SourceTitle "playchess.com"]
[Source "ChessBase"]
[SourceQuality "1"]
[TimeControl "40/5400+30:1800+30"]

1. d4 Nf6 2. c4 e6 3. Nf3 d5 4. Nc3 Be7 5. Bf4 O-O 6. e3 Nbd7 7. cxd5 Nxd5 8. Nxd5 {[%emt 0:00:30] D37: Queen's Gambit Declined: 5 Bf4.} exd5 9. Bd3 c5 10. dxc5 {[%emt 0:07:30] The position is equal.} Nxc5 11. O-O Bg4 12. Be2 Bf6 13. h3 Bh5 (13... Bxf3 14. Bxf3 d4 15. exd4 Bxd4 16. Qd2 $14) 14. Ne5 Bxe2 15. Qxe2 {[%emt 0:00:30] [#]} Re8 $146 ({Predecessor:} 15... Qb6 16. Rfd1 Rad8 17. Rac1 Ne6 18. Bg3 d4 19. Ng4 Be7 20. exd4 Rxd4 21. Rxd4 Qxd4 {1-0 (47) Zhao,X (2486)-Tan,Z (2510) Chess.com INT 2020}) 16. Ng4 d4 17. Qb5 Be7 18. Rad1 a6 19. Qc4 Ne6 20. Be5 Rc8 21. Qa4 h5 22. Nh2 b5 23. Qxa6 {[%emt 0:11:30][%cal Re5d4] Threatens to win with Bxd4.} d3 (23... Qd5 $1 $11 24. Bxd4 (24. exd4 f6 $17) 24... Ra8) 24. Nf3 $16 {[%emt 0:01:44] White is more active.} ({Not} 24. Qxb5 Rc5 25. Qxd3 Qxd3 26. Rxd3 Rxe5 $17) 24... Qd5 25. a4 $1 Ng5 26. Nxg5 {[%emt 0:00:57] [#] And now Nf3 would win.} (26. Qxb5 $6 Nxf3+ 27. gxf3 Qxf3 28. Rxd3 Bc5 $15) 26... Qxe5 27. Nf3 Qxb2 28. Rb1 Qa3 29. Qxb5 ({Reject} 29. Rxb5 $6 Red8 $11) 29... Rb8 (29... Red8 $16 {was worth a try.}) 30. Qxb8 Rxb8 31. Rxb8+ Kh7 32. Rb5 g6 (32... Bb4 $16 33. Rxh5+ Kg6) 33. Rd5 {[%emt 0:00:07] aiming for a5.} Bf6 (33... Qxa4 {might work better.} 34. Rxd3 Kg7) 34. a5 $18 Qb3 35. Rd7 {[%emt 0:00:24] Black must now prevent a6.} Kg7 (35... Qa2 $142 36. e4 (36. Rxd3 Qxa5 37. Rd7 Kg7 $18) 36... Bc3 37. Rxd3 Qxa5) 36. a6 Qa4 37. a7 g5 $2 (37... d2 38. Nxd2 Qxd7) 38. Nd2 {[%emt 0:01:05] White is clearly winning.} g4 39. hxg4 hxg4 40. g3 Bc3 {[%emt 0:00:00] [#]} 41. Nc4 $1 {[%emt 0:01:12][%mdl 512] Weighted Error Value: White=0.08 (flawless) /Black=0.27 (precise)} 1-0

[Event "Croatian 1A League 2022"]
[Site "Porec"]
[Date "2022.09.24"]
[Round "1.21"]
[White "Saric, Ante"]
[Black "Lalic, Bogdan"]
[Result "1/2-1/2"]
[ECO "D78"]
[WhiteElo "2510"]
[BlackElo "2393"]
[Annotator "TA"]
[PlyCount "45"]
[EventDate "2022.09.24"]
[EventType "team-tourn"]
[EventCountry "CRO"]
[SourceTitle "playchess.com"]
[Source "ChessBase"]
[SourceQuality "1"]
[TimeControl "40/5400+30:1800+30"]

1. c4 Nf6 2. g3 c6 3. Nf3 d5 4. Bg2 g6 5. b3 Bg7 6. Bb2 O-O 7. O-O a5 8. Nc3 Ne4 9. d4 Bf5 10. e3 Nxc3 {[%emt 0:02:30] D78: Fianchetto Grünfeld: 6 0-0 c6.} 11. Bxc3 Be4 12. Qe2 e6 {[%emt 0:00:30] The position is equal.} 13. Rfc1 Nd7 14. Bf1 Bxf3 15. Qxf3 f5 {[%emt 0:01:30] [#]} 16. Rab1 $146 ({Predecessor:} 16. cxd5 exd5 17. b4 axb4 18. Bxb4 Rf7 19. a4 Nf6 20. a5 Qe8 21. Qe2 h5 22. a6 {½-½ (30) Fressinet,L (2676)-Feller,S (2573) Germany 2017}) 16... Rf7 17. Qe2 Bf8 18. b4 axb4 19. Bxb4 Bxb4 20. Rxb4 Nf6 21. Qb2 Qe7 22. Rb1 Ra7 23. Qc2 {[%emt 0:11:30] Not much happened in this game.  Weighted Error Value: White=0.05 (flawless) /Black=0.04 (flawless)} 1/2-1/2

[Event "Croatian 1A League 2022"]
[Site "Porec"]
[Date "2022.09.24"]
[Round "1.22"]
[White "Zaja, Ivan"]
[Black "Plenca, Julijan"]
[Result "1-0"]
[ECO "A85"]
[WhiteElo "2417"]
[BlackElo "2447"]
[Annotator "TA"]
[PlyCount "49"]
[EventDate "2022.09.24"]
[EventType "team-tourn"]
[EventCountry "CRO"]
[SourceTitle "playchess.com"]
[Source "ChessBase"]
[SourceQuality "1"]
[TimeControl "40/5400+30:1800+30"]

1. d4 f5 2. c4 Nf6 3. Nc3 e6 4. Nf3 Bb4 5. g3 O-O 6. Bg2 Bxc3+ 7. bxc3 d6 8. O-O Qe7 9. a4 {[%emt 0:00:30][%cal Ba2a4,Ba4a5,Ba5a6][%mdl 32] [#] A85: Dutch Defence: 2 c4 Nf6 3 Nc3.} Nc6 $146 ({Predecessor:} 9... a5 10. Qc2 Na6 11. Ba3 Rb8 12. Rab1 Qe8 13. c5 dxc5 14. dxc5 Bd7 15. c6 Bxc6 16. Bxf8 Kxf8 {1-0 (55) Umansky,M (2415)-Rychagov,A (2551) Dos Hermanas 2003}) 10. a5 Bd7 11. d5 {[%emt 0:00:30] White is slightly better.} Nd8 12. a6 e5 13. c5 $1 b6 14. c6 Be8 {[%emt 0:00:30] [#]} (14... Bc8 $1 $14) 15. Nh4 $1 $36 {[%emt 0:00:30][%mdl 2048] White is on the roll.} g6 ({Better is} 15... Bg6) 16. Bh6 {[%emt 0:00:30] White is more active.} Rf7 17. Qd2 Nh5 18. Bg5 {[%emt 0:00:30] This bishop pair is nice.} Qf8 19. Bh3 Nf6 20. f3 {[%emt 0:00:30] Prevents Ne4.} Kh8 21. c4 Ng8 (21... Nh5 {keeps fighting.} 22. Bh6 Qe7) 22. e4 $18 f4 23. gxf4 exf4 24. Qc3+ (24. Ng2 $142) 24... Rg7 $2 {[%emt 0:00:30] [#]} (24... Qg7 25. Qxg7+ Rxg7) 25. Ng2 $1 {[%emt 0:00:00] Weighted Error Value: White=0.24 (precise) /Black=0.44} 1-0

[Event "Croatian 1A League 2022"]
[Site "Porec"]
[Date "2022.09.24"]
[Round "1.24"]
[White "Loncar, Robert"]
[Black "Cotic, Borna"]
[Result "1/2-1/2"]
[ECO "A14"]
[WhiteElo "2367"]
[BlackElo "2133"]
[Annotator "TA"]
[PlyCount "75"]
[EventDate "2022.09.24"]
[EventType "team-tourn"]
[EventCountry "CRO"]
[SourceTitle "playchess.com"]
[Source "ChessBase"]
[SourceQuality "1"]
[TimeControl "40/5400+30:1800+30"]

1. Nf3 Nf6 2. c4 e6 3. g3 d5 4. Bg2 Be7 5. O-O O-O 6. d3 c5 7. cxd5 {[%emt 0:05:30] A14: English Opening: 1...e6 with b3 by White.} exd5 8. d4 $1 {[%emt 0:00:30] The main line 8.d4 scores better than 8.Nc3.} cxd4 9. Nxd4 {[%emt 0:00:30] White has an edge.} Nc6 10. Nc3 h6 11. b3 Qa5 12. Bb2 Rd8 {[%emt 0:08:30] [#]} 13. a3 $146 ({Predecessor:} 13. Rc1 Nxd4 14. Qxd4 Be6 15. e3 Ne8 16. a3 Bf6 17. Qd3 d4 18. Ne4 dxe3 19. Nxf6+ Nxf6 20. Qxe3 {½-½ (27) Pilgram,K (2066)-Jarabinsky,M (2212) LSS email 2017}) 13... Nxd4 14. Qxd4 Be6 15. e3 Rac8 16. Rfc1 Qb6 17. Qxb6 axb6 18. Nb5 Ne4 19. Rxc8 Rxc8 20. Rc1 Rc5 21. Nd4 Bf6 22. Nxe6 (22. Bf3 $14) 22... fxe6 $11 23. Rxc5 bxc5 24. Bxf6 Nxf6 $14 {[%emt 0:00:08][%mdl 4096] Endgame KB-KN} 25. Kf1 e5 26. Ke2 Kf7 27. h3 Ke6 28. f4 (28. b4 $11) 28... b6 29. Kd3 Kd6 (29... e4+ $17 30. Kd2 Kd6) 30. Bf1 exf4 ({Black should play} 30... e4+ $15 31. Kd2 Nh5) 31. gxf4 $11 g5 32. Bg2 Nh5 33. Bf3 Nf6 34. Bg2 Nh5 35. Bf3 Nf6 ({Black should try} 35... Ng3 $11) 36. Bg2 $15 Ke6 (36... g4 $15) 37. b4 $11 cxb4 38. axb4 {[%emt 0:00:00] Weighted Error Value: White=0.12 (very precise) /Black=0.13 (very precise)} 1/2-1/2

[Event "Croatian 1A League 2022"]
[Site "Porec"]
[Date "2022.09.24"]
[Round "1.25"]
[White "Kozul, Zdenko"]
[Black "Kaczur, Florian"]
[Result "1-0"]
[ECO "D43"]
[WhiteElo "2549"]
[BlackElo "2483"]
[Annotator "TA"]
[PlyCount "62"]
[EventDate "2022.09.24"]
[EventType "team-tourn"]
[EventCountry "CRO"]
[SourceTitle "playchess.com"]
[Source "ChessBase"]
[SourceQuality "1"]
[TimeControl "40/5400+30:1800+30"]

1. d4 Nf6 2. c4 e6 3. Nf3 d5 4. Bg5 h6 5. Bxf6 Qxf6 6. e3 g6 7. Nc3 c6 8. Ne5 {[%emt 0:00:30] D43: Semi-Slav: 5 Bg5 h6.} Nd7 9. f4 g5 {[%emt 0:00:30] [#]} 10. g3 $146 {[%emt 0:00:30] The position is equal.} ({Predecessor:} 10. Qd2 gxf4 11. exf4 Nxe5 12. dxe5 Qe7 13. Be2 Bd7 14. Rc1 Bg7 15. O-O O-O 16. Bg4 {½-½ (27) Siigur,J (2440)-Poli,G (2474) ICCF email 2017}) 10... gxf4 11. exf4 h5 12. Qf3 Nxe5 13. dxe5 Qe7 14. O-O-O Bd7 15. h4 O-O-O 16. Bh3 Qc5 (16... Qb4 {feels hotter.} 17. Qd3 Kc7 18. Bg2 Be7) 17. cxd5 cxd5 {[%emt 0:00:30] [#] aiming for ...d4.} 18. Kb1 Kb8 19. Ne2 Qb6 20. f5 exf5 21. Bxf5 Bc6 (21... Bg7 $15) 22. Nd4 $11 Bg7 23. Rhe1 Rhe8 24. Nxc6+ Qxc6 (24... bxc6 $11 25. Qxh5 Bxe5) 25. Qxh5 $14 Qc7 26. Rc1 Qe7 27. Rc3 Bxe5 28. Rce3 {[%emt 0:00:30] White has more active pieces.} f6 29. Qd1 Rh8 {[%emt 0:00:30] [#]} 30. h5 $1 Rd6 31. g4 Qg7 {[%emt 0:00:30] Weighted Error Value: White=0.08 (flawless) /Black=0.12 (very precise)} 1-0

[Event "Croatian 1A League 2022"]
[Site "Porec"]
[Date "2022.09.24"]
[Round "1.26"]
[White "Janzelj, Tim"]
[Black "Stevic, Hrvoje"]
[Result "1/2-1/2"]
[ECO "D26"]
[WhiteElo "2456"]
[BlackElo "2565"]
[Annotator "TA"]
[PlyCount "23"]
[EventDate "2022.09.24"]
[EventType "team-tourn"]
[EventCountry "CRO"]
[SourceTitle "playchess.com"]
[Source "ChessBase"]
[SourceQuality "1"]
[TimeControl "40/5400+30:1800+30"]

1. d4 d5 2. c4 dxc4 3. e3 Nf6 4. Bxc4 e6 5. Nf3 c5 6. O-O Nc6 7. dxc5 Qxd1 8. Rxd1 Bxc5 9. a3 {[%emt 0:00:30] D26: Queen's Gambit Accepted: 4 e3 e6 5 Bxc5 c5 sidelines.} O-O 10. b4 Be7 11. Nbd2 {[%emt 0:00:30] [#]} Rd8 $146 ({Predecessor:} 11... b6 12. Bb2 Bb7 13. Be2 Rfd8 14. g3 Rac8 15. Rac1 Ne8 16. Rc2 Ne5 17. Rxc8 Nxf3+ 18. Nxf3 Rxc8 {½-½ (24) Nicholls,M (2244)-Rasmussen,E (2331) ICCF email 2010}) 12. Bb2 {[%emt 0:00:30] Not much happened in this game.  Weighted Error Value: White=0.06 (flawless) /Black=0.03 (flawless)} 1/2-1/2

[Event "Croatian 1A League 2022"]
[Site "Porec"]
[Date "2022.09.24"]
[Round "1.27"]
[White "Palac, Mladen"]
[Black "Ivekovic, Bozidar"]
[Result "1/2-1/2"]
[ECO "B67"]
[WhiteElo "2516"]
[BlackElo "2407"]
[Annotator "TA"]
[PlyCount "39"]
[EventDate "2022.09.24"]
[EventType "team-tourn"]
[EventCountry "CRO"]
[SourceTitle "playchess.com"]
[Source "ChessBase"]
[SourceQuality "1"]
[TimeControl "40/5400+30:1800+30"]

1. e4 c5 2. Nf3 d6 3. d4 cxd4 4. Nxd4 Nf6 5. Nc3 Nc6 6. Bg5 e6 7. Qd2 a6 8. O-O-O Bd7 9. Kb1 b5 10. Nxc6 Bxc6 11. f3 Be7 12. Bd3 {[%emt 0:03:00] B67: Sicilian: Richter-Rauzer: 7...a6 8 0-0-0 Bd7, lines without 9 f4 Be7.} Rc8 13. h4 h6 14. Be3 {[%emt 0:00:30] White has an edge.} h5 {[%emt 0:00:30] Prevents g4.} 15. Bg5 Qb6 16. Ne2 b4 {[%emt 0:00:30] [#]} 17. c4 $146 (17. Be3 $16 Qa5 18. Bg5) ({Predecessor:} 17. Be3 Qb7 18. Nd4 Nd7 19. Qe2 Ra8 20. Bg5 Qb6 21. Bc4 Ne5 22. Bb3 Bd7 23. f4 {0-1 (57) Kuybokarov,T (2583)-Rohit,K (2358) Dubai 2022}) 17... bxc3 18. Nxc3 Rb8 19. Qe2 a5 (19... O-O $11) 20. Rd2 {[%emt 0:00:30] Weighted Error Value: White=0.19 (very precise) /Black=0.16 (very precise)} 1/2-1/2

[Event "Croatian 1A League 2022"]
[Site "Porec"]
[Date "2022.09.24"]
[Round "1.28"]
[White "Ostovic, Matija"]
[Black "Petkov, Vladimir"]
[Result "1/2-1/2"]
[ECO "C50"]
[WhiteElo "2386"]
[BlackElo "2451"]
[Annotator "TA"]
[PlyCount "51"]
[EventDate "2022.09.24"]
[EventType "team-tourn"]
[EventCountry "CRO"]
[SourceTitle "playchess.com"]
[Source "ChessBase"]
[SourceQuality "1"]
[TimeControl "40/5400+30:1800+30"]

1. e4 e5 2. Nf3 Nc6 3. Bc4 Bc5 4. d3 Nf6 5. Nc3 h6 6. h3 a6 {[%emt 0:02:30] C50: Hungarian Defence and Giuoco Pianissimo.} 7. Be3 $1 {[%emt 0:07:30][%mdl 4] 7.Be3 is a critical line.} d6 8. Nd5 Bxe3 {[%emt 0:05:30] The position is equal.} 9. Nxe3 Na5 10. Bb3 Nxb3 11. axb3 {[%emt 0:00:00] [#]} Be6 $146 ({Predecessor:} 11... O-O) 12. Qd2 c5 13. b4 Rc8 14. bxc5 Rxc5 15. O-O O-O 16. c4 Rc7 17. Qb4 (17. Rfd1 $14) 17... Nh5 $1 $11 18. d4 Nf4 19. Rad1 exd4 20. Nxd4 Qg5 (20... Bxh3 $1 $11 21. gxh3 Qg5+ 22. Kh1 Qh5) 21. Qxd6 $16 Rxc4 {[%emt 0:16:30] Threatens to win with ...Nxh3+.} 22. h4 $36 {[%emt 0:04:30][%mdl 2048] Black is under strong pressure.} ({But not} 22. Nxe6 fxe6 23. Kh2 Rxe4 $15) 22... Qxh4 {[%emt 0:06:30][%cal Oc4d4] Hoping for ...Rxd4!} 23. Nxc4 Bxc4 {[%emt 0:01:30] [#]} 24. Rfe1 $1 {[%emt 0:02:51] Strongly threatening g3.} ({Reject} 24. g3 $6 Nh3+ 25. Kh2 Qh5 $11) 24... Qg4 (24... Rd8 $2 25. Qc7 (25. g3 Rxd6 26. gxh4 Nd3 $11) 25... b5 26. g3 Nh3+ 27. Kg2 $18) 25. g3 {[%emt 0:02:04] Dancing on a razor blade.} Nd3 {[%emt 0:00:30][%mdl 8192] [#]} (25... Nh3+ $16 {is more resistant.} 26. Kg2 Ng5) 26. Re2 $2 {[%emt 0:04:33] Weighted Error Value: White=0.05 (flawless) /Black=0.29 (precise)} ({White must play} 26. Nf5 $1 $18) 1/2-1/2

[Event "Croatian 1A League 2022"]
[Site "Porec"]
[Date "2022.09.24"]
[Round "1.29"]
[White "Zelcic, Robert"]
[Black "Ivekovic, Zvonimir"]
[Result "1-0"]
[ECO "B53"]
[WhiteElo "2495"]
[BlackElo "2380"]
[Annotator "TA"]
[PlyCount "105"]
[EventDate "2022.09.24"]
[EventType "team-tourn"]
[EventCountry "CRO"]
[SourceTitle "playchess.com"]
[Source "ChessBase"]
[SourceQuality "1"]
[TimeControl "40/5400+30:1800+30"]

1. e4 c5 2. Nf3 d6 3. d4 cxd4 4. Qxd4 Nc6 5. Bb5 Bd7 6. Bxc6 Bxc6 7. Nc3 Nf6 8. Bg5 e6 9. O-O-O Be7 10. Rhe1 O-O 11. Kb1 Qc7 12. Qd2 b5 {[%emt 0:01:30] B53: Sicilian: 2...d6: Lines with Qxd4.} ({Black should play} 12... Rfd8 $11) 13. Bxf6 (13. Nd4 $1 $14) 13... Bxf6 $15 14. Qxd6 Qb6 {[%emt 0:01:30] Black is slightly better.} 15. Ne5 Bxe5 16. Qxe5 Qxf2 (16... b4 $5 17. Ne2 $8 Qxf2 $11) 17. Ne2 {[%emt 0:31:30] [#]} Rac8 $146 ({Predecessor:} 17... Rfd8 18. Nd4 Be8 19. Rf1 Qh4 20. Rd3 f6 21. Nxe6 Bf7 22. Qf4 Qxf4 23. Nxf4 Bc4 24. Rxd8+ Rxd8 {1-0 (35) Ambroz,J-Nun,J (2365) Trnava 1980}) 18. Nf4 Ba8 19. Re2 {[%emt 0:32:57] [#]} (19. Nh5 $5 Qxc2+ 20. Ka1 $11) 19... Rfd8 20. Rde1 (20. Rxf2 $2 Rxd1#) (20. Rxd8+ $1 $11 Rxd8 21. a4) 20... Qc5 (20... Qb6 {feels hotter.} 21. Nh5 Qd4 22. Qxd4 Rxd4 23. c3 Rdc4) 21. Qxc5 Rxc5 22. b3 Rc7 23. e5 b4 24. Kc1 Kf8 25. g3 g5 26. Nh3 h6 27. Rd2 Rdc8 28. Nf2 Rc5 29. Ng4 Ke7 30. Nxh6 Bf3 $1 {[%emt 0:00:28] aiming for ...Rh8.} 31. h3 ({But not} 31. Rf1 Bh5 32. Rdf2 (32. g4 $2 Bg6 $19) 32... Bg6 $17) 31... Rh8 (31... Rc3 $1 $15) 32. Nxf7 $11 Kxf7 33. Rf2 $1 Rxh3 34. Rxf3+ {[%emt 0:00:00][%mdl 4096] Endgame KRR-KRR} Ke7 35. Re2 {[%emt 0:02:19] Inhibits Rh2.} Rh1+ 36. Kb2 Rd5 (36... Rg1 $14 {might be stronger.}) 37. a3 $16 a5 38. axb4 axb4 39. Re4 Rh2 (39... Rb5 $16 {is a better defense.} 40. Rc4 Rd1) 40. Rxb4 $18 Rxe5 41. Rc4 {[%emt 0:05:38] Inhibits Rc5.} Rd2 42. b4 Rdd5 43. Rc7+ Kd6 44. Rff7 Re3 $2 {[%emt 0:00:30] [#] This costs Black the game.} (44... Re4 $16) 45. Rfd7+ $1 Ke5 46. Rxd5+ Kxd5 {[%emt 0:00:00] KR-KR} 47. b5 Rxg3 48. b6 {[%emt 0:00:00] b7 would kill now.} Kd6 49. Rc8 {[%emt 0:00:00] White mates.} Rg4 50. Kc3 Rg3+ 51. Kd2 Rg2+ 52. Ke3 Rg3+ 53. Ke4 $2 {[%emt 0:00:00][%mdl 32768] Weighted Error Value: White=0.14 (very precise) /Black=0.42. Sensor Board Error (Ke4/e5)?} (53. Kf2 {mates} Rg4 54. b7 Rb4 55. b8=Q+ Rxb8 56. Rxb8 g4 57. Ke3 Kd5 58. Rg8) 1-0

[Event "Croatian 1A League 2022"]
[Site "Porec"]
[Date "2022.09.24"]
[Round "1.30"]
[White "Zovko, Mario"]
[Black "Rogulj, Branko"]
[Result "1/2-1/2"]
[ECO "C67"]
[WhiteElo "2306"]
[BlackElo "2354"]
[Annotator "TA"]
[PlyCount "40"]
[EventDate "2022.09.24"]
[EventType "team-tourn"]
[EventCountry "CRO"]
[SourceTitle "playchess.com"]
[Source "ChessBase"]
[SourceQuality "1"]
[TimeControl "40/5400+30:1800+30"]

1. e4 e5 2. Nf3 Nc6 3. Bb5 Nf6 4. O-O Nxe4 5. d4 Nd6 6. Bxc6 dxc6 7. dxe5 Nf5 8. Qxd8+ Kxd8 9. h3 Be7 {[%emt 0:05:30] The position is equal. C67: Ruy Lopez: Berlin Defence: 4 0-0 Nxe4.} 10. Rd1+ Ke8 11. g4 Nh4 12. Nxh4 Bxh4 13. Kg2 Be6 14. Nc3 {[%emt 0:02:30] [#] Not much happened in this game.  Weighted Error Value: White=0.06 (flawless) /Black=0.00 (flawless)} {Predecessor:} h5 $146 15. f3 Be7 16. Be3 f5 17. exf6 gxf6 18. Ne2 hxg4 19. hxg4 Bd6 20. Bf4 Bc4 {½-½ (64) Swiercz,D (2656)-Tari,A (2660) Chess.com INT 2022} 1/2-1/2

[Event "Croatian 1A League 2022"]
[Site "Porec"]
[Date "2022.09.25"]
[Round "2.1"]
[White "Saric, Ivan"]
[Black "Kaczur, Florian"]
[Result "1-0"]
[ECO "B45"]
[WhiteElo "2668"]
[BlackElo "2483"]
[Annotator "TA"]
[PlyCount "119"]
[EventDate "2022.09.24"]
[EventType "team-tourn"]
[EventCountry "CRO"]
[SourceTitle "playchess.com"]
[Source "ChessBase"]
[SourceQuality "1"]
[TimeControl "40/5400+30:1800+30"]

1. e4 c5 2. Nf3 e6 3. d4 cxd4 4. Nxd4 Nf6 5. Nc3 Nc6 6. Nxc6 bxc6 7. e5 Nd5 8. Ne4 Qc7 9. f4 Qb6 10. c4 Bb4+ 11. Ke2 f5 12. Nf2 Ba6 13. Kf3 Ne7 14. Be3 Bc5 15. Bxc5 {[%emt 0:00:05] B45: Sicilian Four Knights.} Qxc5 16. Qd6 Qb6 17. Be2 {[%emt 0:00:56] White is slightly better.} Rd8 {[%emt 0:01:54] [#]} 18. Rhd1 $146 (18. Rac1 $11) ({Predecessor:} 18. b4 Nc8 19. Qc5 d5 20. exd6 Nxd6 21. Qe5 c5 22. Qxc5 Rc8 23. Qxb6 axb6 24. Rhc1 Bxc4 25. Bxc4 Nxc4 {½-½ (46) Firouzja,A (2804)-Rapport,R (2776) Bucharest 2022}) 18... Nc8 (18... g5 $1 $15 19. fxg5 h6) 19. Qa3 $11 c5 20. Rac1 {[%emt 0:04:15][%cal Ba1c1,Bc1c3,Bc3b3,Bb3d3][%mdl 32] Active counter play!} d6 21. Nd3 Bb7+ 22. Kf2 Be4 23. Rc3 O-O 24. Rb3 $36 {[%emt 0:10:48][%mdl 2048] White fights for an advantage.} Qc6 (24... Qc7 $1 $11 {remains equal.}) 25. exd6 $16 {[%emt 0:05:44] Black must now prevent Ne5.} Bxd3 26. Rbxd3 {[%emt 0:00:07] And now Bf3 would win.} Nxd6 27. Qxa7 Ne4+ 28. Kg1 Ra8 29. Qe7 Rfe8 ({Black should try} 29... Qe8 30. Qxe8 Rfxe8) 30. Rd8 Raxd8 31. Rxd8 Rxd8 32. Qxd8+ {[%emt 0:00:02][%mdl 4096] Endgame KQB-KQN} Kf7 33. Bh5+ g6 34. Bf3 Qb7 35. b3 $1 ({But not} 35. Qh8 $6 Qb4 36. Qxh7+ Kf8 $11) 35... Qb4 36. Kf1 {[%emt 0:00:32] Inhibits Qe1+. aiming for Qc7+.} Qc3 37. Bxe4 Qa1+ {[%emt 0:03:38] [#]} 38. Ke2 $1 fxe4 {[%emt 0:00:10] KQ-KQ} 39. Qc7+ Kg8 40. Qd8+ ({Much weaker is} 40. Qxc5 Qxa2+ 41. Ke3 Qxg2 $11) 40... Kf7 41. Qc7+ (41. Qd7+ $16 Kf6 42. Qd8+ Kf7) 41... Ke8 (41... Kg8 $1 $11) 42. Qxc5 (42. Qc6+ $14 Kf7 43. Qc7+ (43. Qxe4 Qxa2+ 44. Kf1 Qxb3 $11)) 42... Qxa2+ $11 43. Ke3 Qxb3+ (43... Qxg2 $11 {keeps the balance.} 44. Qc6+ Ke7) 44. Kxe4 $16 {[%emt 0:00:05] Strongly threatening Qb5+.} Qb7+ {[%emt 0:00:49] This costs Black the game.} (44... Qc2+ $16 {was worth a try.} 45. Kf3 h5) 45. Ke5 $18 Qg7+ 46. Kxe6 Qf7+ 47. Ke5 {[%emt 0:00:04] Threatening mate with Qc8+.} Qf5+ 48. Kd4 {[%emt 0:00:05] White threatens Qxf5 and mate.} Qxf4+ 49. Kd5 Qg5+ 50. Kd6 Qd8+ (50... Qe7+ $142 51. Kc6 Qd7+ 52. Kb6 Qd2 53. Qc6+ Kf8) 51. Ke6 {[%emt 0:04:09] White wants to mate with Qc6+.} Qd7+ 52. Kf6 {[%emt 0:00:07] Qb5 would kill now.} Qf7+ 53. Kg5 Qf1 54. Qc6+ Ke7 55. Qe4+ Kd7 56. h4 Qc1+ {[%emt 0:01:24] [#]} 57. Kf6 $1 Qh6 58. Kf7 {[%emt 0:00:56] Intending Qe7+ and mate.} Kd6 59. Qd5+ Kc7 60. Qg5 {[%emt 0:00:20] Weighted Error Value: White=0.15 (very precise) /Black=0.39} 1-0

[Event "Croatian 1A League 2022"]
[Site "Porec"]
[Date "2022.09.25"]
[Round "2.2"]
[White "Janzelj, Tim"]
[Black "Banusz, Tamas"]
[Result "1/2-1/2"]
[ECO "D45"]
[WhiteElo "2456"]
[BlackElo "2622"]
[Annotator "TA"]
[PlyCount "44"]
[EventDate "2022.09.24"]
[EventType "team-tourn"]
[EventCountry "CRO"]
[SourceTitle "playchess.com"]
[Source "ChessBase"]
[SourceQuality "1"]
[TimeControl "40/5400+30:1800+30"]

1. d4 d5 2. c4 e6 3. Nc3 Nf6 4. Nf3 c6 5. e3 a6 6. b3 Bb4 7. Bd2 Nbd7 8. Bd3 O-O 9. O-O {[%emt 0:00:13][%cal Oc3d5] D45: Semi-Slav: 5 e3.} Bd6 10. Qc2 e5 {[%emt 0:11:18] [#] aiming for ...e4.} 11. cxd5 cxd5 12. e4 exd4 13. Nxd5 Nxd5 14. exd5 {[%emt 0:00:10] Black must now prevent Bg5.} Nf6 15. Rae1 h6 16. Nxd4 (16. Qc1 $5 ) 16... Nxd5 {[%emt 0:03:03][%cal Od6h2] The position is equal.} 17. Nf5 {[%emt 0:22:34] [#]} Bb4 $146 ({Predecessor:} 17... Bf4 18. Ne7+ Kh8 19. Nxd5 Bxd2 20. Qxd2 Qxd5 21. Qb4 Be6 22. Bc4 Qc6 23. Bxe6 fxe6 {½-½ (68) Mulyar,M (2385)-Venkat,A (1836) Middleton 2018}) 18. Qb2 {[%emt 0:08:19][%csl Gf5][%cal Rb2g7] [#]} Bxf5 19. Bxf5 Bxd2 20. Qxd2 Nf6 21. Qb4 Qd5 22. Be4 Nxe4 {[%emt 0:00:11] An interesting draw.  Weighted Error Value: White=0.04 (flawless) /Black=0.02 (flawless)} 1/2-1/2

[Event "Croatian 1A League 2022"]
[Site "Porec"]
[Date "2022.09.25"]
[Round "2.3"]
[White "Balogh, Csaba"]
[Black "Ivekovic, Bozidar"]
[Result "1/2-1/2"]
[ECO "B53"]
[WhiteElo "2583"]
[BlackElo "2407"]
[Annotator "TA"]
[PlyCount "46"]
[EventDate "2022.09.24"]
[EventType "team-tourn"]
[EventCountry "CRO"]
[SourceTitle "playchess.com"]
[Source "ChessBase"]
[SourceQuality "1"]
[TimeControl "40/5400+30:1800+30"]

1. e4 c5 2. Nf3 d6 3. d4 cxd4 4. Qxd4 Nc6 5. Qe3 Nf6 6. Be2 {[%emt 0:02:03] B53: Sicilian: 2...d6: Lines with Qxd4.} g6 7. O-O Bg7 8. Rd1 {[%emt 0:02:24] White has an edge.} O-O 9. Nc3 Qc7 10. Qf4 {[%emt 0:05:24] [#]} Bg4 $146 ({Predecessor:} 10... a6 11. Qh4 h5 12. Nd5 Nxd5 13. exd5 Ne5 14. Nxe5 dxe5 15. c4 b5 16. Bg5 f6 {1-0 (29) Anand,N (2366)-Low,Z (2443) Forni di Sopra 2019}) 11. h3 (11. Nd5 $5 Qc8 12. Nxf6+ Bxf6 13. c3 $11) 11... Bxf3 12. Bxf3 {[%emt 0:00:17] [#]} Nd4 $1 13. Rd2 ({But not} 13. Rxd4 e5 14. Qe3 (14. Nb5 Qc5 $17) 14... exd4 15. Qxd4 Nd7 $17) 13... Qb6 14. Bd1 Rfc8 15. Qe3 Rxc3 16. bxc3 Nb5 {[%emt 0:00:13] Hoping for ...Qxe3.} 17. Qxb6 (17. Rd3 $14) 17... axb6 $11 18. f3 Nxc3 19. Bb2 Nd7 {[%emt 0:02:18] Pair of Knights!} 20. Rd3 {[%emt 0:00:34] The position is equal.} Ne2+ {[%emt 0:02:07][%mdl 64] [#] Discovered Attack} 21. Bxe2 Bxb2 22. Rb1 Rxa2 23. Kf1 Nc5 {[%emt 0:00:47] Weighted Error Value: White=0.12 (very precise) /Black=0.07 (flawless)} 1/2-1/2